 Dungeon Crawl Stone Soup version 0.23.1-42-g8abd8fc (webtiles) character file.

Game seed: 9706051871622722532

75 Borgoz the Shield-Bearer (level 4, -5/28 HPs)
             Began as a Gargoyle Fighter on Mar 30, 2019.
             Slain by an orc warrior
             ... wielding a +0 flail
              (9 damage)
             ... on level 3 of the Dungeon.
             The game lasted 00:03:48 (1008 turns).

Borgoz the Shield-Bearer (Gargoyle Fighter)         Turns: 1008, Time: 00:03:49

Health: -5/28      AC: 10    Str: 19    XL:     4   Next: 31%
Magic:  5/5        EV:  7    Int:  9    God:
Gold:   71         SH:  9    Dex: 10    Spells: 4/4 levels left

rFire    + . .     SeeInvis .   a - +0 rapier
rCold    x . .     Gourm    .   c - +0 shield
rNeg     + . .     Faith    .   b - +0 scale mail
rPois    ∞         Spirit   .   (no helmet)
rElec    +         Reflect  .   (no cloak)
rCorr    .         Harm     .   (no gloves)
MR       .....                  (no boots)
Stlth    ..........             (no amulet)
HPRegen  0.09/turn              n - ring of fire
MPRegen  0.09/turn              (no ring)

@: no status effects
A: negative energy resistance 1, electricity resistance, unbreathing,
petrification resistance, rot immunity, AC +3
a: no special abilities


You were on level 3 of the Dungeon.
You were hungry.

You visited 1 branch of the dungeon, and saw 3 of its levels.

You collected 71 gold pieces.

Inventory:

Hand Weapons
 a - a +0 rapier (weapon)
Armour
 b - a +0 scale mail (worn)
 c - a +0 shield (worn)
Jewellery
 n - a ring of fire (left hand)
Scrolls
 e - a scroll of enchant weapon {unknown}
 g - 2 scrolls of identify {unknown}
 i - a scroll of fear {unknown}
 k - a scroll of enchant armour {unknown}
 l - 3 scrolls of remove curse {unknown}
 p - a scroll of teleportation {unknown}
 r - a scroll of magic mapping {unknown}
Potions
 d - 2 potions of might
 h - a potion of invisibility {unknown}
 m - a potion of cancellation
 o - a potion of heal wounds {unknown}
 q - a potion of mutation {unknown}
 s - a potion of brilliance {unknown}
 t - 2 potions of magic {unknown}
Comestibles
 f - 3 rations


   Skills:
 + Level 3.5 Fighting
 * Level 2.4 Short Blades
 + Level 3.5 Armour
 * Level 1.3 Dodging
 + Level 1.2 Stealth
 + Level 3.6 Shields
 + Level 0.7 Spellcasting


You had 4 spell levels left.
You didn't know any spells.
Your spell library was empty.

Dungeon Overview and Level Annotations

Branches:
Dungeon (3/15)

Altars:


Innate Abilities, Weirdness & Mutations

You are resistant to torment.
Your stone body is resilient. (AC +3)
You are immune to poison.
You resist negative energy. (rN+)
You are resistant to electric shocks. (rElec)
You can survive without breathing.
You are immune to petrification.
You are immune to rotting.


Message History

The orc warrior struggles against the net.
You hit the orc warrior but do no damage.
The orc warrior is moderately wounded.
The orc warrior struggles against the net.
The net rips apart, and the orc warrior comes free!
You hit the orc warrior but do no damage.
The orc warrior is moderately wounded.
You hit the orc.
The orc is lightly wounded.
The orc warrior hits you with a +0 flail!
Ouch! That really hurt!
* * * LOW HITPOINT WARNING * * *
The orc barely misses you.
You hit the orc.
The orc is heavily wounded.
The orc warrior hits you but does no damage.
The orc barely misses you.
It was a potion of cancellation.
You feel magically purged.
The orc warrior hits you with a +0 flail!
You die...

### ##.##
##...##
##.....##
###.......##
#..........#
#.#.....<.#
####.##@....##
#....)o#...##
.......#o##.##
###.####.##.#
# #....#
#..### ...#
##.# .#


You could see an orc warrior and an orc.

Vanquished Creatures
  2 adders (D:2)
  An ooze (D:2)
  A dart slug (D:1)
  3 leopard geckos
  An orc (D:3)
  A ball python (D:2)
  3 giant cockroaches (D:1)
  6 hobgoblins
  3 jackals (D:2)
  3 quokkas (D:2)
  2 bats (D:1)
  3 frilled lizards
  2 goblins (D:1)
  8 kobolds
  7 rats
46 creatures vanquished.

Notes
Turn   | Place    | Note
-------+----------+-------------------------------------------
     0 | D:1      | Borgoz the Gargoyle Fighter began the quest for the Orb.
     0 | D:1      | Reached XP level 1. HP: 14/14 MP: 1/1
    51 | D:1      | Reached XP level 2. HP: 17/19 MP: 2/2
   284 | D:1      | Reached XP level 3. HP: 22/23 MP: 3/3
   467 | D:2      | Reached skill level 1 in Dodging
   474 | D:2      | Reached skill level 1 in Stealth
   549 | D:2      | Reached XP level 4. HP: 26/28 MP: 5/5
   989 | D:3      | Noticed an orc warrior
  1008 | D:3      | Slain by an orc warrior

Skill      XL: |  1  2  3 |
---------------+----------+-----
Short Blades   | 2 |  2.4
Dodging        | 1 |  1.3
Stealth        | 1 |  1.2
Fighting       | |  3.5
Armour         | |  3.5
Shields        | |  3.6
Spellcasting   | |  0.7

Action                   |  1- 3 |  4- 6 || total
-------------------------+-------+-------++-------
Melee: Rapier            |   118 |    53 ||   171
Throw: Throwing net      |       |     1 ||     1
  Use: Potion            |       |     1 ||     1
 Stab: Held in net/web   |       |     1 ||     1
Armor: Scale mail        |    67 |    22 ||    89
Dodge: Dodged            |    33 |    21 ||    54
Block: Shield            |    60 |    20 ||    80
